MLB
ST. LOUIS CARDINALS @ WASHINGTON NATIONALS
07/14/2039
 
TOP OF THE 1ST
St. Louis Cardinals batting - Pitching for Washington Nationals : RHP Hugo Saucedo
Pitching: RHP Hugo Saucedo
Batting: RHB Al Valencia 0-0: Ball
1-0: Ground out 4-3 (Groundball, 4, EV 102.5 MPH)
Batting: LHB Mike Mayne 0-0: Called Strike
0-1: Foul Ball, location: 2F
0-2: Ground out 3-1 (Groundball, 34, EV 87.5 MPH)
Batting: LHB Tony Calvo 0-0: Foul Ball, location: 3FF
0-1: Swinging Strike
0-2: Strikes out swinging
Top of the 1st over - 0 runs, 0 hits, 0 errors, 0 left on base; St. Louis 0 - Washington 0
BOTTOM OF THE 1ST
Washington Nationals batting - Pitching for St. Louis Cardinals : LHP Caleb Hellmann
Pitching: LHP Caleb Hellmann
Batting: LHB Ralph Plante 0-0: Ball
1-0: Ball
2-0: Ground out 4-3 (Groundball, 34, EV 82.5 MPH)
Batting: RHB Wilburt Goldman 0-0: Called Strike
0-1: Ball
1-1: Ball
2-1: Foul Ball, location: 2F
2-2: Ball
3-2: Strikes out swinging
Batting: LHB Erick Pena 0-0: Fly out, F5 (Popup, 5, EV 72.5 MPH)
Bottom of the 1st over - 0 runs, 0 hits, 0 errors, 0 left on base; St. Louis 0 - Washington 0
TOP OF THE 2ND
St. Louis Cardinals batting - Pitching for Washington Nationals : RHP Hugo Saucedo
Batting: RHB Tyler Woods 0-0: Ball
1-0: Called Strike
1-1: Ball
2-1: Called Strike
2-2: Fly out, F3 (Popup, 34, EV 82.5 MPH)
Batting: LHB Terry Smith 0-0: Called Strike
0-1: DOUBLE (Line Drive, 9LS, EV 101.9 MPH)
Batting: RHB Steve McDaniel 0-0: SINGLE (Line Drive, 4D, EV 97.5 MPH)
Terry Smith to third
Batting: LHB Sam Van Meter 0-0: Swinging Strike
0-1: Ball
1-1: Called Strike
1-2: Ball
2-2: Ball
3-2: Foul Ball, location: 2F
3-2: Foul Ball, location: 7LSF
3-2: SINGLE (Groundball, 34S, EV 89.4 MPH) (infield hit)
Terry Smith scores
Steve McDaniel to second
Batting: RHB Jesus Gutierrez 0-0: Ball
1-0: Ball
2-0: Foul Ball, location: 25F
2-1: Called Strike
2-2: Fly out, F8 (Flyball, 8RS, EV 90.0 MPH)
Batting: RHB Antonio Gomez 0-0: Ground out 3-1 (Groundball, 34S, EV 70.0 MPH)
Top of the 2nd over - 1 run, 3 hits, 0 errors, 2 left on base; St. Louis 1 - Washington 0
BOTTOM OF THE 2ND
Washington Nationals batting - Pitching for St. Louis Cardinals : LHP Caleb Hellmann
Batting: RHB Jeff Hebert 0-0: Fly out, F3 (Popup, 23F, EV 83.8 MPH)
Batting: RHB Quincy McAfee 0-0: Ball
1-0: DOUBLE (Flyball, 8LXD, EV 109.4 MPH)
Batting: SHB Israel Trevino 0-0: Fly out, F5 (Popup, 5SF, EV 83.1 MPH)
Batting: RHB Brad Wolfe 0-0: Ball
1-0: Ball
2-0: Foul Ball, location: 2F
2-1: Ball
3-1: Ground out 3-1 (Groundball, 34, EV 91.9 MPH)
Bottom of the 2nd over - 0 runs, 1 hit, 0 errors, 1 left on base; St. Louis 1 - Washington 0
TOP OF THE 3RD
St. Louis Cardinals batting - Pitching for Washington Nationals : RHP Hugo Saucedo
Batting: RHB Al Valencia 0-0: Ball
1-0: Fly out, F8 (Flyball, 8LD, EV 110.0 MPH)
Batting: LHB Mike Mayne 0-0: Swinging Strike
0-1: Ground out 4-3 (Groundball, 4S, EV 94.4 MPH)
Batting: LHB Tony Calvo 0-0: SINGLE (Groundball, 3D, EV 101.3 MPH)
Batting: RHB Tyler Woods 0-0: Ball
1-0: Ball
2-0: Called Strike
2-1: Swinging Strike
2-2: Strikes out swinging
Top of the 3rd over - 0 runs, 1 hit, 0 errors, 1 left on base; St. Louis 1 - Washington 0
BOTTOM OF THE 3RD
Washington Nationals batting - Pitching for St. Louis Cardinals : LHP Caleb Hellmann
Batting: RHB Sean Artis 0-0: Called Strike
0-1: Ball
1-1: Ground out 3-1 (Groundball, 34, EV 110.0 MPH)
Batting: RHB Alex Prado 0-0: Foul Ball, location: 25F
0-1: Foul Ball, location: 2F
0-2: Fly out, F8 (Flyball, 89D, EV 87.5 MPH)
Batting: LHB Ralph Plante 0-0: Ball
1-0: Swinging Strike
1-1: Ball
2-1: Foul Ball, location: 25FF
2-2: SINGLE (Line Drive, 34, EV 98.8 MPH)
Batting: RHB Wilburt Goldman 0-0: Foul Ball, location: 3DF
0-1: Ball
1-1: Fielders Choice at 2nd, 6-4 (Groundball, 6, EV 90.0 MPH)
Bottom of the 3rd over - 0 runs, 1 hit, 0 errors, 1 left on base; St. Louis 1 - Washington 0
TOP OF THE 4TH
St. Louis Cardinals batting - Pitching for Washington Nationals : RHP Hugo Saucedo
Batting: LHB Terry Smith 0-0: SINGLE (Groundball, 34D, EV 98.1 MPH)
Batting: RHB Steve McDaniel 0-0: Called Strike
0-1: Ball
1-1: Foul Ball, location: 7LDF
1-2: Fly out, F4 (Flyball, 34D, EV 86.9 MPH)
Batting: LHB Sam Van Meter 0-0: Called Strike
0-1: Ball
1-1: Foul Ball, location: 9LSF
1-2: Strikes out swinging
Batting: RHB Jesus Gutierrez 0-0: Called Strike
0-1: Swinging Strike
0-2: Ground out U3 (Groundball, 3, EV 90.6 MPH)
Top of the 4th over - 0 runs, 1 hit, 0 errors, 1 left on base; St. Louis 1 - Washington 0
BOTTOM OF THE 4TH
Washington Nationals batting - Pitching for St. Louis Cardinals : LHP Caleb Hellmann
Batting: LHB Erick Pena 0-0: DOUBLE (Flyball, 78XD, EV 95.6 MPH)
Batting: RHB Jeff Hebert 0-0: Called Strike
0-1: Ball
1-1: 2-RUN HOME RUN (Flyball, 7D, EV 96.9 MPH), Distance : 374 ft
Batting: RHB Quincy McAfee 0-0: Ball
1-0: Ball
2-0: Ball
3-0: Called Strike
3-1: SINGLE (Groundball, 4MD, EV 108.1 MPH)
Batting: SHB Israel Trevino 0-0: Called Strike
Quincy McAfee steals 2nd base
0-1: Ground out 5-3 (Groundball, 56, EV 101.9 MPH)
Batting: RHB Brad Wolfe 0-0: Foul Ball, location: 3F
0-1: Foul Ball, location: 2F
0-2: Reached on error, E5 (Groundball, 56, EV 91.3 MPH)
Batting: RHB Sean Artis 0-0: Ball
1-0: Called Strike
1-1: Called Strike
1-2: Grounds into double play, 4-6-3 (Groundball, 4, EV 83.8 MPH)
Bottom of the 4th over - 2 runs, 3 hits, 1 error, 1 left on base; St. Louis 1 - Washington 2
TOP OF THE 5TH
St. Louis Cardinals batting - Pitching for Washington Nationals : RHP Hugo Saucedo
Batting: RHB Antonio Gomez 0-0: Swinging Strike
0-1: Foul Ball, location: 2F
0-2: Ball
1-2: Foul Ball, location: 5F
1-2: Foul Ball, location: 2F
1-2: Foul Ball, location: 23F
1-2: Fly out, F9 (Flyball, 9LM, EV 82.5 MPH)
Batting: RHB Al Valencia 0-0: Called Strike
0-1: Swinging Strike
0-2: Hit by Pitch
Batting: LHB Mike Mayne 0-0: Foul Ball, location: 9LSF
0-1: Ball
1-1: Called Strike
1-2: Ball
2-2: Grounds out, U3 (Groundball, 3L, EV 106.3 MPH)
Batting: LHB Tony Calvo 0-0: Ball
1-0: Ball
2-0: Ball
3-0: Base on Balls
Batting: RHB Tyler Woods 0-0: 3-RUN HOME RUN (Flyball, 9D, EV 98.1 MPH), Distance : 373 ft
Batting: LHB Terry Smith 0-0: Ball
1-0: SINGLE (Groundball, 56D, EV 106.3 MPH)
Batting: RHB Steve McDaniel 0-0: Ball
1-0: Ball
2-0: Ball
3-0: SINGLE (Groundball, 4MD, EV 97.5 MPH)
Terry Smith to second
Batting: LHB Sam Van Meter 0-0: Ball
1-0: Ball
2-0: Swinging Strike
2-1: Called Strike
2-2: Ball
3-2: Foul Ball, location: 2F
3-2: 3-RUN HOME RUN (Flyball, 89XD, EV 98.1 MPH), Distance : 380 ft
Pitching: RHP Jaylen Richerson
Batting: RHB Jesus Gutierrez 0-0: Called Strike
0-1: Ball
1-1: Foul Ball, location: 2F
1-2: Ball
2-2: Ball
3-2: Fly out, F7 (Flyball, 78D, EV 91.3 MPH)
Top of the 5th over - 6 runs, 4 hits, 0 errors, 0 left on base; St. Louis 7 - Washington 2
BOTTOM OF THE 5TH
Washington Nationals batting - Pitching for St. Louis Cardinals : LHP Caleb Hellmann
Batting: RHB Alex Prado 0-0: Ball
1-0: Called Strike
1-1: Called Strike
1-2: Fly out, F7 (Flyball, 7LMF, EV 95.0 MPH)
Batting: LHB Ralph Plante 0-0: Ball
1-0: Ball
2-0: Foul Ball, location: 5F
2-1: Foul Ball, location: 25F
2-2: Ball
3-2: Foul Ball, location: 5F
3-2: Fly out, F8 (Flyball, 8LD, EV 97.5 MPH)
Batting: RHB Wilburt Goldman 0-0: Ground out 4-3 (Groundball, 4, EV 81.3 MPH)
Bottom of the 5th over - 0 runs, 0 hits, 0 errors, 0 left on base; St. Louis 7 - Washington 2
TOP OF THE 6TH
St. Louis Cardinals batting - Pitching for Washington Nationals : RHP Jaylen Richerson
Batting: RHB Antonio Gomez 0-0: Ball
1-0: Foul Ball, location: 5DF
1-1: Ball
2-1: SINGLE (Line Drive, 8LS, EV 90.6 MPH)
Batting: RHB Al Valencia 0-0: Foul Ball, location: 3DF
0-1: 2-RUN HOME RUN (Flyball, 78XD, EV 110.6 MPH), Distance : 428 ft
Batting: LHB Mike Mayne 0-0: Called Strike
0-1: Foul Ball, location: 3F
0-2: Ball
1-2: Ball
2-2: DOUBLE (Flyball, 89XD, EV 106.9 MPH)
Batting: LHB Tony Calvo 0-0: Foul Ball, location: 7LSFF
0-1: Ball
1-1: Ground out U3 (Groundball, 3, EV 108.1 MPH)
Mike Mayne to third
Batting: RHB Tyler Woods 0-0: Swinging Strike
0-1: Ball
1-1: Ball
2-1: Foul Ball, location: 3F
2-2: Foul Ball, location: 5F
2-2: Ball
3-2: Ground out 5-3 (Groundball, 56, EV 103.8 MPH)
Mike Mayne scores
Batting: LHB Terry Smith 0-0: Ball
1-0: Fly out, F7 (Flyball, 7D, EV 88.1 MPH)
Top of the 6th over - 3 runs, 3 hits, 0 errors, 0 left on base; St. Louis 10 - Washington 2
BOTTOM OF THE 6TH
Washington Nationals batting - Pitching for St. Louis Cardinals : LHP Caleb Hellmann
Batting: LHB Erick Pena 0-0: Foul Ball, location: 7LSF
0-1: Ball
1-1: SINGLE (Flyball, 56D, EV 94.4 MPH)
Batting: RHB Jeff Hebert 0-0: Called Strike
0-1: Ball
Wild Pitch!
Erick Pena to second
1-1: Ball
2-1: Swinging Strike
2-2: Fly out, F8 (Line Drive, 8RD, EV 94.4 MPH)
Runner from 2nd tags up, SAFE at 3rd with throw by CF
Batting: RHB Quincy McAfee 0-0: Ball
Wild Pitch!
Erick Pena scores
1-0: Ball
2-0: Ball
3-0: Base on Balls
Pitching: RHP Luis de la Cruz
Batting: SHB Israel Trevino 0-0: Ground out 1-3 (Groundball, 15S, EV 71.9 MPH)
Quincy McAfee to second
Batting: RHB Brad Wolfe 0-0: Called Strike
0-1: Foul Ball, location: 2F
0-2: Ball
1-2: Foul Ball, location: 2F
1-2: Ball
2-2: Strikes out swinging
Bottom of the 6th over - 1 run, 1 hit, 0 errors, 1 left on base; St. Louis 10 - Washington 3
TOP OF THE 7TH
St. Louis Cardinals batting - Pitching for Washington Nationals : RHP Jaylen Richerson
Batting: RHB Steve McDaniel 0-0: Ball
1-0: Fly out, F7 (Line Drive, 7S, EV 95.6 MPH)
Batting: LHB Sam Van Meter 0-0: Swinging Strike
0-1: Ground out U3 (Groundball, 13, EV 86.3 MPH)
Batting: RHB Jesus Gutierrez 0-0: Called Strike
0-1: Fly out, F9 (Flyball, 9D, EV 93.1 MPH)
Top of the 7th over - 0 runs, 0 hits, 0 errors, 0 left on base; St. Louis 10 - Washington 3
BOTTOM OF THE 7TH
Washington Nationals batting - Pitching for St. Louis Cardinals : RHP Luis de la Cruz
Batting: RHB Sean Artis 0-0: Ball
1-0: Called Strike
1-1: Called Strike
1-2: Strikes out swinging
Batting: RHB Alex Prado 0-0: Ball
1-0: Ball
2-0: Ground out 6-3 (Groundball, 6, EV 99.4 MPH)
Batting: LHB Ralph Plante 0-0: Ground out 4-3 (Groundball, 4, EV 90.0 MPH)
Bottom of the 7th over - 0 runs, 0 hits, 0 errors, 0 left on base; St. Louis 10 - Washington 3
TOP OF THE 8TH
St. Louis Cardinals batting - Pitching for Washington Nationals : RHP Jaylen Richerson
Pitching: RHP Jamie Goodman
Batting: RHB Antonio Gomez 0-0: Foul Ball, location: 9LMF
0-1: Ball
1-1: Called Strike
1-2: Ball
2-2: Ball
3-2: Strikes out swinging
Batting: RHB Al Valencia 0-0: Ball
1-0: Ball
2-0: Ball
3-0: Base on Balls
Batting: LHB Mike Mayne 0-0: Called Strike
Al Valencia steals 2nd base (no throw)
0-1: Swinging Strike
0-2: Fly out, F8 (Flyball, 8LM, EV 86.9 MPH)
Batting: LHB Tony Calvo 0-0: Ground out 4-3 (Groundball, 4, EV 85.6 MPH)
Top of the 8th over - 0 runs, 0 hits, 0 errors, 1 left on base; St. Louis 10 - Washington 3
BOTTOM OF THE 8TH
Washington Nationals batting - Pitching for St. Louis Cardinals : RHP Luis de la Cruz
Batting: RHB Wilburt Goldman 0-0: Ball
1-0: Called Strike
1-1: Ball
2-1: Foul Ball, location: 3FF
2-2: Foul Ball, location: 3DF
2-2: Strikes out swinging
Batting: LHB Erick Pena 0-0: Foul Ball, location: 25F
0-1: Ball
1-1: Ball
2-1: Ground out 4-3 (Groundball, 4M, EV 86.9 MPH)
Batting: RHB Jeff Hebert 0-0: Fly out, F7 (Line Drive, 7LS, EV 97.5 MPH)
Bottom of the 8th over - 0 runs, 0 hits, 0 errors, 0 left on base; St. Louis 10 - Washington 3
TOP OF THE 9TH
St. Louis Cardinals batting - Pitching for Washington Nationals : RHP Jamie Goodman
Batting: RHB Tyler Woods 0-0: Ball
1-0: Called Strike
1-1: Foul Ball, location: 2F
1-2: Ball
2-2: Foul Ball, location: 2F
2-2: Strikes out swinging
Batting: LHB Terry Smith 0-0: Called Strike
0-1: Ball
1-1: SINGLE (Groundball, 6MD, EV 105.6 MPH)
Batting: RHB Steve McDaniel 0-0: Ball
1-0: Ball
2-0: Called Strike
2-1: Ball
3-1: Base on Balls
Terry Smith to second
Batting: LHB Sam Van Meter 0-0: Called Strike
0-1: Ball
1-1: Foul Ball, location: 2F
1-2: Ball
2-2: Strikes out looking
Pinch Hitting: RHB Steve Szumski 0-0: Called Strike
0-1: DOUBLE (Line Drive, 89XD, EV 110.6 MPH)
Terry Smith scores
Steve McDaniel to third
Pinch Hitting: RHB Bobby Linville 0-0: Foul Ball, location: 3F
0-1: Ground out 6-3 (Groundball, 56D, EV 95.0 MPH)
Top of the 9th over - 1 run, 2 hits, 0 errors, 2 left on base; St. Louis 11 - Washington 3
BOTTOM OF THE 9TH
Washington Nationals batting - Pitching for St. Louis Cardinals : RHP Luis de la Cruz
Now at C: Andres Ochoa
Now at SS: Steve Szumski
Batting: RHB Quincy McAfee 0-0: Ball
1-0: Swinging Strike
1-1: Ground out 4-3 (Groundball, 4S, EV 84.4 MPH)
Batting: SHB Israel Trevino 0-0: Fly out, F8 (Flyball, 8LD, EV 84.4 MPH)
Batting: RHB Brad Wolfe 0-0: Ball
1-0: Called Strike
1-1: Ball
2-1: Ball
3-1: Base on Balls
Batting: RHB Sean Artis 0-0: Ball
1-0: Called Strike
1-1: Swinging Strike
1-2: SINGLE (Line Drive, 8LS, EV 88.1 MPH)
Brad Wolfe to second
Batting: RHB Alex Prado 0-0: Called Strike
0-1: Ball
1-1: Foul Ball, location: 2F
1-2: Fly out, F8 (Flyball, 8RD, EV 91.3 MPH)
Bottom of the 9th over - 0 runs, 1 hit, 0 errors, 2 left on base; St. Louis 11 - Washington 3
Monday, April 8th , 2024 - OOTP Baseball 24.10 Build 82